 Dungeon Crawl Stone Soup version 0.28.0-43-g3370ac3207 (webtiles) character file.

Game seed: 15104653195128086955

93 fknight the Skirmisher (level 4, 0/41 HPs)
             Began as a Hill Orc Fighter on Mar 5, 2022.
             Succumbed to an orc wizard's poison
             ... on level 3 of the Dungeon.
             The game lasted 00:05:22 (2133 turns).

fknight the Skirmisher (Hill Orc Fighter)           Turns: 2133, Time: 00:05:23

Health: 0/41       AC: 11    Str: 20    XL:     4   Next: 62%
Magic:  4/4        EV:  5    Int:  8    God:
Gold:   84         SH:  4    Dex: 10    Spells: 3/3 levels left

rFire   . . .      SeeInvis .   j - +3 dagger of Recklessness {venom, Fly}
rCold   . . .      Faith    .   c - +0 buckler
rNeg    . . .      Spirit   .   k - +0 plate armour
rPois   .          Reflect  .   (no helmet)
rElec   .          Harm     .   (no cloak)
rCorr   .          Rampage  .   (no gloves)
Will    .....                   (no boots)
Stlth   ..........              (no amulet)
HPRegen 0.13/turn               (no ring)
MPRegen 0.09/turn               (no ring)

@: mighty, lethally poisoned (0 -> -1), attractive, flying
A: no striking features
a: no special abilities


You were on level 3 of the Dungeon.
You visited 1 branch of the dungeon, and saw 3 of its levels.

You collected 84 gold pieces.

Inventory:

Hand Weapons
 a - a +0 war axe
 j - the +3 dagger of Recklessness (weapon) {venom, Fly}
   (You found it on level 2 of the Dungeon)

   It poisons the flesh of those it strikes.
   Fly:       It grants you flight.
Missiles
 g - 23 arrows
 p - 22 bolts
 q - 2 boomerangs (quivered)
 r - 5 poisoned darts
Armour
 b - a +0 scale mail
 c - a +0 buckler (worn)
 k - a +0 plate armour (worn)
Scrolls
 f - a scroll of magic mapping {unknown}
 m - a scroll of teleportation {unknown}
 o - 5 scrolls of identify {unknown}
Potions
 e - a potion of mutation {unknown}
 h - a potion of attraction
 i - a potion of curing {unknown}
 l - a potion of lignification {unknown}
 n - a potion of heal wounds {unknown}


   Skills:
 + Level 4.4 Fighting
 + Level 3.9 Axes
 + Level 4.0 Armour
 + Level 4.0 Shields


You had 3 spell levels left.
You didn't know any spells.
Your spell library was empty.

Dungeon Overview and Level Annotations

Branches:
Dungeon (3/15)

Altars:


Message History

You are poisoned.
You completely miss something.
You feel very sick. Something hits you but does no damage.
You hit something.
You feel sick. Something hits you.
You are more poisoned.
You closely miss something.
You feel very sick.
You hear some strange, mumbled words.
A magic dart appears from out of thin air!
The magic dart hits you!
You barely miss something.
You feel very sick. Something hits you but does no damage.
You are more poisoned.
You closely miss something.
You feel very sick.
Reactivating autopickup.
You feel a bit more experienced.
Your Armour skill increases to level 4!
Your Shields skill increases to level 4!
You barely miss the orc.
You feel sick. The orc hits you but does no damage.
You barely miss the orc.
You feel sick. The orc hits you but does no damage.
You hit the orc.
The orc is poisoned.
The orc is lightly wounded.
You feel sick. You block the orc's attack.
The orc yells loudly, as Orcs often do.
You hit the orc.
The orc looks as sick as possible!
The orc is severely wounded.
You feel sick. The orc hits you with a +0 dagger.
* * * LOW HITPOINT WARNING * * *
You hit the orc.
You kill the orc!
You feel sick.
You feel very mighty all of a sudden.
You feel sick. The orc hits you but does no damage.
You closely miss the orc.
You feel sick. The orc hits you with a +0 club.
* * * LOW HITPOINT WARNING * * *
It was a potion of attraction.
You feel attractive to monsters.
You die...

#####.#### #........#
######### #.###.##.#
#.......#
####.###.##.#####.#####.#
.........†...........##.#
####.........####.##.##.#
#.#.†.....###......#.# #
##...........##..#.#
##@##.........†.#.#
#o##.#####.###.#.# #o##.#
#.......# .....#
####.#### ...## #.# .....
# #.# ....( ###.#.####
....... #........#
'.........).


You could see 2 orcs.

Vanquished Creatures
  An orc wizard (D:3)
  An adder (D:2)
  A worm (D:2)
  4 orcs (D:3)
  6 bats
  3 endoplasms
  3 giant cockroaches
  5 goblins
  5 hobgoblins
  6 jackals
  A kobold (D:3)
  3 quokkas
  2 ball pythons (D:1)
  4 frilled lizards
  3 rats
48 creatures vanquished.

Vanquished Creatures (others)
  2 demonic plants (D:1)
2 creatures vanquished.

Grand Total: 50 creatures vanquished

Notes
Turn   | Place    | Note
-------+----------+-------------------------------------------
     0 | D:1      | fknight the Hill Orc Fighter began the quest for the Orb.
     0 | D:1      | Reached XP level 1. HP: 19/19 MP: 1/1
    74 | D:1      | Reached XP level 2. HP: 6/27 MP: 2/2
  1084 | D:1      | Found a faded altar of an unknown god.
  1084 | D:1      | Noticed a hell beast
  1169 | D:2      | Reached XP level 3. HP: 26/33 MP: 3/3
  1357 | D:2      | Identified the +3 dagger of Recklessness {venom, Fly}
  2044 | D:3      | Reached XP level 4. HP: 39/40 MP: 4/4
  2132 | D:3      | HP: 1/41 [orc/+0 club (2)]
  2133 | D:3      | Succumbed to an orc wizard's poison

Illustrated notes

Levels and vault maps discovered:
D:1:      dpeg_arrival_orchard, layout_basic,
          dreamdust_ecumenical_altar_sealed_demon,
          hangedman_decor_clover_reticule, solitary_fountain,
          chequers_serial_rivers_micro_e
D:2:      layout_rooms
D:3:      layout_loops_corners

Skill      XL: |  1  2  3  4 |
---------------+-------------+-----
Axes           | 3 |  3.9
Fighting       | 4 |  4.4
Armour         | 4 |  4.0
Shields        | 4 |  4.0

Action                   |  1- 3 |  4- 6 || total
-------------------------+-------+-------++-------
Melee: War axe           |    84 |       ||    84
       Dagger            |    37 |    35 ||    72
Throw: Boomerang         |       |     2 ||     2
  Use: Potion            |       |     2 ||     2
Armor: Scale mail        |    44 |       ||    44
       Plate armour      |    22 |    23 ||    45
Dodge: Dodged            |    53 |     8 ||    61
Block: Buckler           |    35 |     5 ||    40
